 Dungeon Crawl Stone Soup version 0.20.1-1-g8b1a95d (webtiles) character file.

4342 RKaid the Tainter (level 10, -3/74 HPs)
             Began as a Formicid Venom Mage on Aug 2, 2017.
             Was a High Priest of Cheibriados.
             Slain by a queen bee (13 damage)
             ... on level 8 of the Dungeon.
             The game lasted 00:46:39 (13356 turns).

RKaid the Tainter (Formicid Venom Mage)            Turns: 13356, Time: 00:46:40

Health: -3/74      AC:  7    Str: 25    XL:     10   Next: 59%
Magic:  10/16      EV: 12    Int: 32    God:    Cheibriados [*****.]
Gold:   541        SH:  0    Dex: 23    Spells: 6/17 levels left

rFire    . . .     SeeInvis +   a - +1 mace (crush)
rCold    . . .     Gourm    .   (no shield)
rNeg     . . .     Faith    .   m - +0 ring mail
rPois    .         Spirit   .   (helmet unavailable)
rElec    .         Reflect  .   (no cloak)
rCorr    .         Harm     .   (no gloves)
MR       +....                  B - +1 pair of boots "Siphioj" {Int+2 SInv}
Stlth    ++........             (no amulet)
Regen    0.3/turn               f - ring of teleportation (curse) {*tele}
MPRegen  0.2/turn               (no ring)

@: lethally poisoned (-3 -> -47), very slow
A: permanent stasis, dig shafts and tunnels, four strong arms, antennae 3
a: Dig, Shaft Self, Bend Time, Temporal Distortion, Slouch, Step From Time,
Renounce Religion


You were on level 8 of the Dungeon.
You worshipped Cheibriados.
Cheibriados was extremely pleased with you.
You were not hungry.

You visited 1 branch of the dungeon, and saw 8 of its levels.
You also visited: Ossuary.

You collected 541 gold pieces.

Inventory:

Hand Weapons
 a - a +1 mace of crushing (weapon)
   (You took it off an orc on level 6 of the Dungeon)
 b - a +0 hunting sling of venom
   (You took it off a goblin on level 2 of the Dungeon)
 c - a +2 dagger of venom
   (You took it off an orc wizard on level 6 of the Dungeon)
 q - a +2 halberd of flaming
   (You took it off a gnoll on level 5 of the Dungeon)
 u - a +2 short sword of freezing
   (You took it off an orc on level 2 of the Dungeon)
Missiles
 d - 53 sling bullets
 h - 340 stones (quivered)
 s - a throwing net {=f}
Armour
 m - a +0 ring mail (worn)
   (You took it off an orc priest on level 4 of the Dungeon)
 B - the +1 pair of boots "Siphioj" (worn) {Int+2 SInv}
   (You found it on level 6 of the Dungeon)

   It affects your intelligence (+2).
   It lets you see invisible.
Magical Staves
 x - an uncursed staff of death {rN+}
   (You found it on level 7 of the Dungeon)
Jewellery
 f - a cursed ring of teleportation (left hand) {*tele}
   (You found it on level 4 of the Dungeon)
Wands
 r - a wand of lightning (9/15)
   (You found it on level 6 of the Dungeon)
Scrolls
 i - 3 scrolls of identify
 j - 4 scrolls of recharging
 o - 6 scrolls of remove curse
 p - a scroll of fog
 A - a scroll of immolation {unknown}
Potions
 e - a potion of mutation {!q!q}
 g - 2 potions of magic
 k - a potion of cancellation
 l - 2 potions of ambrosia
 n - 8 potions of curing
 t - a potion of brilliance
 v - a potion of lignification {!q}
 w - 2 potions of flight
 E - a potion of agility
Books
 y - a Young Poisoner's Handbook
 z - a book of Cantrips
   (You found it on level 7 of the Dungeon)
Comestibles
 C - 7 bread rations


   Skills:
 - Level 5.5 Fighting
 + Level 4.4 Maces & Flails
 + Level 2.1 Dodging
 - Level 2.4 Stealth
 - Level 4.0 Spellcasting
 - Level 5.0 Conjurations
 - Level 3.0 Air Magic
 - Level 10.0 Poison Magic
 + Level 9.1 Invocations


You had 6 spell levels left.
You knew the following spells:

 Your Spells              Type           Power        Failure   Level  Hunger
a - Sting                 Conj/Pois      ####         1%          1    None
b - Poisonous Vapours     Pois/Air       #####.       1%          2    None
c - Mephitic Cloud        Conj/Pois/Air  #####...     2%          3    ##.....
d - Olgreb's Toxic Radia  Pois           ######..     1%          4    ####...
A - Apportation           Tloc           #.....       9%          1    None


Dungeon Overview and Level Annotations

Branches:
Dungeon (8/15)             Temple (0/1) D:4
   Lair: D:8-11

Altars:
Cheibriados
Elyvilon
Gozag
Ru
Sif Muna
Trog
Uskayaw
Vehumet
Xom
Yredelemnul

Shops:
D:5 ?

Annotations:
D:3 1 runed door, Grinder
D:6 exclusion: door


Innate Abilities, Weirdness & Mutations

You cannot be hasted, slowed, berserked, paralysed or teleported.
You can dig through walls and to a lower floor.
Your four strong arms can wield two-handed weapons with a shield.
You have a pair of large antennae on your head. (SInv)


Message History

You hear an angry buzzing noise.
The killer bee is engulfed in poison gas.
The killer bee is poisoned.
The killer bee misses you.
The killer bee is engulfed in poison gas.
The killer bee looks even sicker.
The killer bee stings you.
* * * LOW HITPOINT WARNING * * *
You closely miss the killer bee.
The killer bee is engulfed in poison gas.
The killer bee looks even sicker.
The killer bee misses you.
The killer bee is engulfed in poison gas.
The killer bee looks as sick as possible!
You kill the killer bee!
Cheibriados thoroughly appreciates the change of pace.
A killer bee comes into view.
Casting: Poisonous Vapours
Confirm with . or Enter, or press ? or * to list all spells.
Aiming: Mephitic Cloud
Press: ? - help, Shift-Dir - straight line, f - killer bee
Aim: a killer bee The ball explodes into a vile cloud!
The stinking cloud engulfs the killer bee. x2
The killer bee is engulfed in noxious fumes.
The killer bee appears confused.
The killer bee moves out of view.
The killer bee is engulfed in noxious fumes.
The killer bee appears confused.
You hit the killer bee.
The killer bee is engulfed in noxious fumes.
The killer bee appears confused.
The killer bee is engulfed in noxious fumes.
The killer bee appears confused.
The killer bee is engulfed in noxious fumes.
The killer bee appears confused.
The killer bee is engulfed in noxious fumes.
The killer bee barely misses the killer bee.
Casting: Mephitic Cloud
Confirm with . or Enter, or press ? or * to list all spells.
Aiming: Sting
Press: ? - help, Shift-Dir - straight line, f/p - killer bee
Aim: a killer bee (noxious fumes, severely wounded, confused)
The sting hits the killer bee.
You kill the killer bee!
Cheibriados thoroughly appreciates the change of pace.
The killer bee is engulfed in noxious fumes.
The killer bee appears confused.
You start resting.
You sense a monster nearby.
You start resting.
Casting: Sting
Confirm with . or Enter, or press ? or * to list all spells.
Aiming: Poisonous Vapours
Press: ? - help, Dir - move target cursor, f - queen bee
Aim: a queen bee (hasn't noticed you) Poisonous vapours surround the queen bee!
The queen bee buzzes angrily.
Casting: Poisonous Vapours
Confirm with . or Enter, or press ? or * to list all spells.
Aiming: Poisonous Vapours
Press: ? - help, Dir - move target cursor, f/p - queen bee
Aim: a queen bee Poisonous vapours surround the queen bee!
The queen bee is engulfed in poison gas.
The queen bee is poisoned.
Casting: Poisonous Vapours
Confirm with . or Enter, or press ? or * to list all spells.
Aiming: Sting
Press: ? - help, Shift-Dir - straight line, f/p - queen bee
Aim: a queen bee (poisoned)
The sting misses the queen bee.
Casting: Sting
Confirm with . or Enter, or press ? or * to list all spells.
Aiming: Sting
Press: ? - help, Shift-Dir - straight line, f/p - queen bee
Aim: a queen bee (lightly wounded, poisoned)
The sting hits the queen bee.
The queen bee appears unharmed.
The queen bee closely misses you.
You hit the queen bee. The queen bee barely misses you.
You hit the queen bee. The queen bee barely misses you.
You hit the queen bee. The queen bee misses you.
You hit the queen bee. The queen bee stings you!
You are poisoned.
The queen bee poisons you!
You hit the queen bee but do no damage.
You feel sick. The queen bee stings you! The queen bee stings you.
You are lethally poisoned!
The queen bee poisons you!
You closely miss the queen bee.
You feel very sick.
The queen bee looks more healthy.
The queen bee stings you!
* * * LOW HITPOINT WARNING * * *
You are more poisoned.
The queen bee poisons you!
Casting: Sting
Confirm with . or Enter, or press ? or * to list all spells.
Aiming: Sting
Press: ? - help, Shift-Dir - straight line, f/p - queen bee
Aim: a queen bee (almost dead)
The sting hits the queen bee.
The queen bee appears unharmed.
* * * LOW HITPOINT WARNING * * *
You feel sick. The queen bee stings you!
You die...

#.#.# #........ ...
######.#.#####.##############
.............................
#.####.#†#####.##############
...#.#...................
...{.#.#.###.##############
#.#...#.#.# #.# #y
#...#.#.###.# y ##..#.#.y@#.#
#..#.#.###.##############
#.....................
#######.##############
......................
#######.##############
#...#.........####
##....#######..... #..#<#
######


You could see a queen bee.

Vanquished Creatures
  A troll (D:7)
  2 hippogriffs (D:7)
  A wyvern (D:8)
  2 water moccasins
  A sky beast (D:7)
  A necrophage (D:5)
  6 ogres
  An orc warrior (D:6)
  A centaur (D:8)
  A big kobold (D:7)
  3 bullfrogs
  A scorpion (D:5)
  14 killer bees (D:8)
  2 howler monkeys
  3 centaur zombies
  A bullfrog zombie (D:6)
  2 crimson imps
  2 centaur skeletons
  A jelly (D:6)
  5 orc priests
  A bullfrog skeleton (D:7)
  2 hounds
  8 orc wizards
  4 iguanas
  7 worker ants
  4 ogre zombies (Ossuary)
  2 hound zombies
  A hound skeleton (D:6)
  7 mummies (Ossuary)
  Robin (D:3)
  7 adders
  5 gnolls
  A shadow imp (D:6)
  An ooze (D:3)
  3 adder zombies
  3 worms (D:2)
  2 dart slugs
  3 leopard geckos
  30 orcs
  8 giant cockroaches
  3 gnoll zombies (Ossuary)
  23 goblins
  11 hobgoblins
  16 jackals
  8 kobolds
  A quokka (D:7)
  A ball python (D:1)
  7 bats
  4 frilled lizards
  A goblin zombie (Ossuary)
  8 hobgoblin zombies (Ossuary)
  5 kobold zombies (Ossuary)
  5 quokka zombies
  8 rats
  3 rat zombies (Ossuary)
255 creatures vanquished.

Notes
Turn   | Place    | Note
-------+----------+-------------------------------------------
     0 | D:1      | RKaid the Formicid Venom Mage began the quest for the Orb.
     0 | D:1      | Reached XP level 1. HP: 13/13 MP: 3/3
    38 | D:1      | Reached skill level 1 in Conjurations
    93 | D:1      | HP: 3/13 [dart slug/slug dart (1)]
   410 | D:1      | Reached XP level 2. HP: 19/19 MP: 3/5
   562 | D:1      | Reached XP level 3. HP: 24/24 MP: 0/6
  1110 | D:1      | Reached skill level 2 in Conjurations
  1336 | D:1      | Reached XP level 4. HP: 30/30 MP: 0/8
  1406 | D:1      | Learned a level 2 spell: Poisonous Vapours
  1410 | D:1      | Learned a level 3 spell: Mephitic Cloud
  1820 | D:2      | Found a sacrificial altar of Ru.
  1908 | D:2      | Found a snail-covered altar of Cheibriados.
  1916 | D:2      | Became a worshipper of Cheibriados the Contemplative
  2711 | D:2      | Reached skill level 5 in Poison Magic
  2956 | D:3      | Found a bloodstained altar of Trog.
  2961 | D:3      | Reached skill level 3 in Spellcasting
  2961 | D:3      | Reached XP level 5. HP: 35/35 MP: 5/9
  2969 | D:2      | Learned a level 4 spell: Olgreb's Toxic Radiance
  3030 | D:3      | Noticed Grinder
  3030 | D:3      | Reached * piety under Cheibriados
  3806 | D:3      | Found a runed door.
  3825 | D:3      | Noticed an ogre
  3887 | D:2      | Reached skill level 3 in Conjurations
  3920 | D:2      | Reached skill level 1 in Invocations
  4241 | D:3      | Found a hide-covered altar of Uskayaw.
  4289 | D:3      | Reached ** piety under Cheibriados
  4447 | D:3      | Noticed Robin
  4458 | D:3      | Killed Robin
  4825 | D:4      | Reached XP level 6. HP: 31/41 MP: 3/10
  4982 | D:4      | Found a staircase to the Ecumenical Temple.
  5075 | D:3      | Killed an ogre
  5075 | D:3      | Reached skill level 6 in Poison Magic
  5075 | D:3      | Reached skill level 2 in Invocations
  5112 | D:3      | You fall through a shaft for 2 floors!
  5112 | D:5      | Entered Level 5 of the Dungeon
  5189 | D:5      | Found Aniovvy's Magic Scroll Shop.
  5400 | D:4      | Reached XP level 7. HP: 46/46 MP: 8/11
  5455 | D:4      | Reached skill level 3 in Invocations
  5597 | D:4      | Reached skill level 4 in Conjurations
  5687 | D:4      | Found an opulent altar of Gozag.
  5857 | D:4      | Reached *** piety under Cheibriados
  5963 | D:4      | Found a shimmering altar of Xom.
  6026 | D:5      | Reached skill level 4 in Invocations
  6139 | D:5      | Reached skill level 7 in Poison Magic
  6238 | D:5      | Found a white marble altar of Elyvilon.
  6341 | D:5      | Noticed a water moccasin
  6361 | D:5      | HP: 9/46 [water moccasin (6)]
  6362 | D:5      | Killed a water moccasin
  6362 | D:5      | Reached XP level 8. HP: 11/52 MP: 4/12
  7030 | D:5      | Reached skill level 5 in Invocations
  7035 | D:5      | Reached skill level 5 in Conjurations
  7268 | D:5      | Found a deep blue altar of Sif Muna.
  7320 | D:5      | Reached skill level 1 in Air Magic
  7320 | D:5      | Reached skill level 8 in Poison Magic
  7809 | D:6      | Reached skill level 2 in Air Magic
  8126 | D:6      | Reached **** piety under Cheibriados
  8145 | D:6      | Reached XP level 9. HP: 49/55 MP: 3/13
  8439 | D:6      | Reached skill level 6 in Invocations
  8478 | D:6      | Reached skill level 3 in Air Magic
  8597 | D:6      | Reached skill level 1 in Fighting
  8597 | D:6      | Reached skill level 9 in Poison Magic
  8782 | D:6      | Reached skill level 2 in Fighting
  9014 | D:6      | Found a basalt altar of Yredelemnul.
  9362 | D:6      | Got a pair of twisted boots
  9448 | D:6      | Identified the +1 pair of boots "Siphioj" {Int+2 SInv} (You found it on level 6 of the Dungeon)
  9719 | D:7      | Noticed a troll
  9737 | D:7      | Reached skill level 3 in Fighting
  9809 | D:7      | Reached skill level 7 in Invocations
  9911 | D:7      | Noticed a hippogriff
 10126 | D:7      | Found a sand-covered staircase.
 10131 | Ossuary  | Entered an ossuary
 10494 | Ossuary  | Reached ***** piety under Cheibriados
 10796 | Ossuary  | Reached skill level 10 in Poison Magic
 11164 | Ossuary  | Reached skill level 1 in Maces & Flails
 11265 | D:7      | Killed a hippogriff
 11265 | D:7      | Reached skill level 4 in Fighting
 11377 | D:7      | Reached skill level 2 in Maces & Flails
 11495 | D:7      | Reached XP level 10. HP: 71/71 MP: 7/15
 11676 | D:7      | Reached skill level 5 in Fighting
 11676 | D:7      | Reached skill level 8 in Invocations
 11821 | D:7      | Found a radiant altar of Vehumet.
 11833 | D:7      | Reached skill level 3 in Maces & Flails
 12248 | D:7      | Learned a level 1 spell: Apportation
 12403 | D:8      | Reached skill level 4 in Maces & Flails
 12972 | D:8      | Reached skill level 9 in Invocations
 12978 | D:8      | HP: 18/72 [poisoned by a water moccasin]
 12984 | D:8      | HP: 15/72 [poisoned by a water moccasin]
 12989 | D:8      | HP: 14/72 [poisoned by a water moccasin]
 13012 | D:8      | Reached skill level 4 in Spellcasting
 13054 | D:8      | HP: 18/74 [killer bee (7)]
 13055 | D:8      | Reached skill level 2 in Dodging
 13059 | D:8      | HP: 14/74 [poisoned by a killer bee]
 13064 | D:8      | HP: 14/74 [poisoned by a killer bee]
 13071 | D:8      | HP: 13/74 [poisoned by a killer bee]
 13076 | D:8      | HP: 13/74 [poisoned by a killer bee]
 13082 | D:8      | HP: 14/74 [poisoned by a killer bee]
 13088 | D:8      | HP: 14/74 [poisoned by a killer bee]
 13094 | D:8      | HP: 14/74 [poisoned by a killer bee]
 13355 | D:8      | HP: 12/74 [queen bee (12)]
 13356 | D:8      | Slain by a queen bee

Skill      XL: |  1  2  3  4  5  6  7  8  9 10 |
---------------+-------------------------------+-----
Conjurations   | 1 2 3 4 5 |  5.0
Poison Magic   | 5 6 7 8 10 | 10.0
Spellcasting   | 3 4 |  4.0
Invocations    | 1 2 4 5 7 9 |  9.1
Air Magic      | 2 3 |  3.0
Fighting       | 4 5 |  5.5
Maces & Flails | 2 4 |  4.4
Dodging        | 2 |  2.1
Stealth        | |  2.4

Action                   |  1- 3 |  4- 6 |  7- 9 | 10-12 || total
-------------------------+-------+-------+-------+-------++-------
Melee: Unarmed           |    12 |       |       |       ||    12
       Short sword       |     5 |     9 |    82 |       ||    96
       Dagger            |       |    14 |    72 |       ||    86
       Mace              |       |       |   146 |    47 ||   193
 Fire: Hunting sling     |       |     6 |    44 |    12 ||    62
 Cast: Sting             |    48 |   188 |   182 |    31 ||   449
       Poisonous Vapours |       |     2 |    15 |     9 ||    26
       Mephitic Cloud    |       |       |     6 |     4 ||    10
       Olgreb's Toxic Ra |       |       |       |     2 ||     2
Invok: Bend Time         |       |     1 |     1 |       ||     2
       Slouch            |       |       |       |     1 ||     1
 Abil: Dig               |       |     4 |     6 |     2 ||    12
       Shaft Self        |       |     1 |       |       ||     1
  Use: Scroll            |       |    12 |     9 |       ||    21
       Potion            |       |       |     1 |     1 ||     2
 Stab: Sleeping          |       |       |     6 |       ||     6
       Confused          |       |       |     1 |     1 ||     2
  Eat: Chunk             |     2 |     9 |     9 |     1 ||    21
       Royal jelly       |       |       |     2 |       ||     2
       Meat ration       |       |       |       |     1 ||     1
Armor: Robe              |     2 |    23 |       |       ||    25
       Ring mail         |       |     4 |    89 |    17 ||   110
Dodge: Dodged            |    14 |    81 |   186 |    43 ||   324

Table legend:
 A = Turns spent in this place as a percentage of turns spent in the entire game.
 B = Non-inter-level travel turns spent in this place as a percentage of non-inter-level travel turns spent in the entire game.
 C = Inter-level travel turns spent in this place as a percentage of turns spent in this place.
 D = Turns resting spent in this place as a percentage of non-inter-level travel turns spent in this place.
 E = Turns spent auto-exploring this place as a percentage of non-inter-level travel turns spent in this place.
 F = Non-inter-level travel turns spent in this place divided by the number of levels of this place that you've seen.
                   A       B       C       D       E      F
               +-------+-------+-------+-------+-------+----------------------
         Total | 100.0 | 100.0 |   0.6 |   6.9 |   5.4 | 389.1
       Dungeon |  86.8 |  86.7 |   0.7 |   7.4 |   6.0 | 379.5
       Ossuary |  13.2 |  13.3 |   0.0 |   3.4 |   1.5 | 466.0
               +-------+-------+-------+-------+-------+----------------------

Table legend:
 A = Kills in this place as a percentage of kills in entire the game.
 B = Kills by you in this place as a percentage of kills by you in the entire game.
 C = Kills by friends in this place as a percentage of kills by friends in the entire game.
 D = Other kills in this place as a percentage of other kills in the entire game.
 E = Experience gained in this place as a percentage of experience gained in the entire game.
 F = Experience gained in this place divided by the number of levels of this place that you have seen.
                   A       B       C       D       E      F
               +-------+-------+-------+-------+-------+----------------------
         Total | 100.0 | 100.0 |  -nan |  -nan | 100.0 | 689.2
       Dungeon |  85.5 |  85.5 |  -nan |  -nan |  95.0 | 736.4
       Ossuary |  14.5 |  14.5 |  -nan |  -nan |   5.0 | 312.0
               +-------+-------+-------+-------+-------+----------------------
